AoeStats
← Galpersolodilov

Arena

504813986Analyzed
2v2 RM · 25d ago on Sep 6, 2026· 36m 15s· 4 players
Game mode
Random Map
Map size
Medium (4 player)
Population
200
Speed
Normal
Resources
Standard
Victory
Conquest
Starting age
Dark Age
Ending age
Imperial Age
RankedLock teamsTeams togetherTeam positionsShared explorationLock speedFull tech treeHidden civsTurbo modeCheats
Victory
Defeat
🇦🇷 Spanish · Argentina
1137
+15
🇦🇷 Turks · Argentina
1123
+15
🇷🇺 Aztecs · Russia
1113
-15
🇷🇺 Celts · Russia
1113
-15
Мыкола Бражич
8:22 Loom
12:25 Feudal Age
13:01 Double-Bit Axe
16:44 Castle Age
20:36 Fletching
31:46 Husbandry
31:54 Bodkin Arrow
31:43 Elite Skirmisher
32:33 Padded Archer Armor
34:00 Leather Archer Armor
34:41 Bow Saw
Galpersolodilov
10:07 Loom
14:16 Feudal Age
13:09 Loom
16:17 Double-Bit Axe
17:04 Horse Collar
19:48 Castle Age
17:57 Scale Mail Armor
19:42 Forging
21:06 Eagle Warrior
22:45 Arson
23:01 Squires
25:02 Chain Mail Armor
29:07 Wheelbarrow
28:38 Heavy Plow
30:37 Iron Casting
32:10 Bow Saw
32:39 Gold Mining
35:21 Fletching
dan29730
7:10 Loom
12:15 Feudal Age
13:01 Double-Bit Axe
13:09 Double-Bit Axe
15:53 Castle Age
15:12 Stone Mining
15:06 Horse Collar
18:15 Wheelbarrow
19:50 Bow Saw
21:31 Gold Mining
22:59 Town Watch
23:53 Heavy Plow
24:59 Padded Archer Armor
25:42 Hand Cart
28:56 Imperial Age
27:13 Padded Archer Armor
28:10 Gold Shaft Mining
28:42 Hand Cart
29:51 Leather Archer Armor
30:32 Conscription
32:02 Elite Janissary
33:20 Ring Archer Armor
36:55 Ballistics
Belmont
11:37 Feudal Age
15:18 Castle Age
Connection lost

Rejoining the realm…

Still unreachable

The connection could not be restored.

Session expired

The server has moved on; the page needs a fresh start.